 Dungeon Crawl Stone Soup version 0.32-a0-132-g2d33c3cfaf (webtiles) character file.

Game seed: 15248362027636325208

1674964 Ge0ff the Marksmummy (level 25, 191/191 HPs)
             Began as a Mummy Chaos Knight on Feb 9, 2024.
             Was a High Priest of Hepliaklqana.
             Escaped with the Orb
             ... and 3 runes!
             The game lasted 02:45:03 (67380 turns).

Ge0ff the Marksmummy (Mummy Chaos Knight)          Turns: 67380, Time: 02:45:04

Health: 191/191    AC: 28    Str: 20    XL:     25   Next: 91%
Magic:  34/34      EV: 31    Int: 11    God:    Hepliaklqana [*****.]
Gold:   735        SH:  0    Dex: 29    Spells: 35/38 levels left

rFire   + + +        a - +9 longbow (freeze)
rCold   + . .        (shield currently unavailable)
rNeg    + + +        x - +5 faerie dragon scales {^Contam rElec rPois rCorr SInv}
rPois   ∞            L - +2 hat of the Bear Spirit {Spirit, Bear, *Rage Will++}
rElec   +            Y - +2 cloak
rCorr   +            Q - +2 pair of gloves {Dex+3}
SInv    +            I - +2 pair of boots {rampage}
Will    +++++        X - amulet of the Ego {Spirit rPois rF++ Regen+ Int-4}
Stlth   +            u - ring of Naucvil {rF+ Dex+6}
HPRegen 1.31/turn    G - ring of Joy {rF+ EV+5 Str+2 Int+3, =R}
MPRegen 0.24/turn

%: guardian spirit, rampage, faith
@: glowing, studying 4 skills
A: reduced essence, cold resistance 1, negative energy resistance 3, torment
resistance 2, heat vulnerability 1, in touch with death 2, no potions, faith
0: Orb of Zot
}: 3/15 runes: decaying, silver, gossamer
a: Renounce Religion, Recall Ancestor, Ancestor Identity, Transference, Idealise


You escaped.
You worshipped Hepliaklqana.
Hepliaklqana was extremely pleased with you.
You visited 11 branches of the dungeon, and saw 51 of its levels.
You also visited: Ossuary, Bailey and Ice Cave.

You collected 9112 gold pieces.
You spent 8377 gold pieces at shops.

Inventory:

Hand Weapons
 a - a +9 longbow of freezing (weapon)
 b - the +2 orcbow of Daumym {heavy, rElec rF+ Dex+3}
   (You bought it in a shop on level 10 of the Dungeon)

   Dex+3:     It affects your dexterity (+3).
   rF+:       It protects you from fire.
   rElec:     It insulates you from electricity.
 h - a +0 orcbow of chaos
 w - the +8 Vampire's Tooth {megavamp}
   (You bought it in a shop on level 11 of the Dungeon)
 H - a +2 longbow of electrocution
 K - a +3 antimagic sling
 M - the +8 orcbow of the Nurturing Blowfly {speed, Int+4}
   (You took it off a skeletal warrior on level 3 of the Crypt)

   Int+4:     It affects your intelligence (+4).
 N - a +9 longbow of draining
 Z - the +5 glaive of the Guard {elec, spectral}
   (You found it on level 3 of the Depths)
Missiles
 g - 4 throwing nets {=F}
 k - 5 silver javelins
 m - 3 datura-tipped darts {=F}
 q - 10 atropa-tipped darts
 v - 10 curare-tipped darts {=F}
 D - 4 javelins
Armour
 x - the +5 faerie dragon scales (worn) {^Contam rElec rPois rCorr SInv}
   (You took it off the Enchantress on level 3 of the Depths)

   rElec:     It insulates you from electricity.
   rPois:     It protects you from poison SInv: It lets you see invisible.
   ^Contam:   It causes magical contamination when unequipped.
   rCorr:     It protects you from acid and corrosion.
 I - a +2 pair of boots of rampaging (worn)
 L - the +2 hat of the Bear Spirit (worn) {Spirit, Bear, *Rage Will++}
   (You found it in an ice cave)

   Bear:      Going berserk makes the wearer exceptionally tough, and they are
   slowed for a shorter time afterward.
   Will++:    It greatly increases your willpower.
   *Rage:     It berserks you when you make melee attacks (+20% chance).
 Q - a +2 pair of gloves of dexterity (worn)
 Y - a +2 cloak (worn)
Jewellery
 c - a ring of the Octopus King {rN+ HP+2 AC+2 EV+2 SH+2}
   (You found it on level 5 of the Vaults)

   [ring of positive energy]

   AC+2:      It affects your AC (+2).
   EV+2:      It affects your evasion (+2).
   rN+:       It protects you from negative energy.
   HP+2:      It affects your health (+2).
   SH+2:      It affects your SH (+2).
 e - the ring of Suspected Treachery {Wiz rElec rPois Will+}
   (You bought it in a shop on level 4 of the Vaults)

   [ring of wizardry]

   Wiz:       It improves your spell success rate.
   rElec:     It insulates you from electricity.
   rPois:     It protects you from poison Will+: It increases your willpower.
 o - the ring "Ziodo" {rF+ Will+ EV+5}
   (You took it off a white draconian in an ice cave)

   [ring of evasion]

   EV+5:      It affects your evasion (+5).
   rF+:       It protects you from fire.
   Will+:     It increases your willpower.
 u - the ring of Naucvil (left hand) {rF+ Dex+6}
   (You found it on level 5 of the Vaults)

   [ring of dexterity]

   Dex+6:     It affects your dexterity (+6).
   rF+:       It protects you from fire.
 A - the ring "Naunwax" {*Corrode +Blink rPois rN+ Int+7}
   (You found it on level 3 of the Crypt)

   [ring of positive energy]

   Int+7:     It affects your intelligence (+7).
   rPois:     It protects you from poison rN+: It protects you from negative
   energy.
   +Blink:    It lets you blink.
   *Corrode:  It may corrode you when you take damage.
 G - the ring of Joy (right hand) {rF+ EV+5 Str+2 Int+3, =R}
   (You bought it in a shop on level 2 of the Orcish Mines)

   [ring of evasion]

   EV+5:      It affects your evasion (+5).
   Str+2:     It affects your strength (+2).
   Int+3:     It affects your intelligence (+3).
   rF+:       It protects you from fire.
 R - the ring "Hegafid" {rPois Will+ rCorr Dex+6}
   (You bought it in a shop on level 2 of the Orcish Mines)

   [ring of dexterity]

   Dex+6:     It affects your dexterity (+6).
   rPois:     It protects you from poison Will+: It increases your willpower.
   rCorr:     It protects you from acid and corrosion.
 W - the ring of Xorph {Fly rPois rCorr Dex+3}
   (You took it off a deep elf death mage on level 3 of the Elven Halls)

   [ring of flight]

   Dex+3:     It affects your dexterity (+3).
   rPois:     It protects you from poison Fly: It grants you flight.
   rCorr:     It protects you from acid and corrosion.
 X - the amulet of the Ego (around neck) {Spirit rPois rF++ Regen+ Int-4}
   (You bought it in a shop on level 4 of the Vaults)

   [amulet of guardian spirit]

   Spirit:    It causes incoming damage to be divided between your reserves of
   health and magic.
   Int-4:     It affects your intelligence (-4).
   rF++:      It greatly protects you from fire.
   rPois:     It protects you from poison Regen+: It increases your rate of
   health regeneration.
Wands
 d - a wand of digging (10)
 f - a wand of flame (87)
 j - a wand of quicksilver (49)
 p - a wand of paralysis (58)
 r - a wand of roots (25)
 s - a wand of mindburst (79)
 P - a wand of polymorph (21)
Scrolls
 i - a scroll of torment
 y - 3 scrolls of immolation
 z - a scroll of enchant armour
 B - 4 scrolls of blinking
 C - 11 scrolls of poison
 E - 6 scrolls of fear
 F - 8 scrolls of fog
 J - 6 scrolls of silence {!r}
 S - a scroll of summoning
 T - 20 scrolls of teleportation
 V - 5 scrolls of vulnerability
Miscellaneous
 l - a lightning rod (4/4)
 n - a phial of floods
 t - a tin of tremorstones (2/2)
 O - a sack of spiders
 U - a phantom mirror


   Skills:
 - Level 20.9 Fighting
 - Level 5.0 Polearms
 - Level 20.9 Ranged Weapons
 - Level 6.0 Throwing
 - Level 15.0 Armour
 + Level 14.3 Dodging
 + Level 12.4 Stealth
 - Level 3.0 Shields
 - Level 7.0 Spellcasting
 - Level 7.0 Translocations
 - Level 15.0 Invocations
 - Level 15.0 Evocations


You had 35 spell levels left.
You knew the following spells:

 Your Spells              Type           Power      Damage    Failure   Level
g - Apportation           Tloc           38%        N/A       1%          1
B - Blink                 Tloc           38%        N/A       1%          2

Your spell library contained the following spells:

 Spells                   Type           Power      Damage    Failure   Level
 Lesser Beckoning         Tloc           38%        N/A       1%          2
 Gell's Gravitas          Tloc           19%        N/A       3%          3
 Teleport Other           Tloc           19%        N/A       3%          3
 Momentum Strike          Conj/Tloc      22%        3d8       8%          2
 Manifold Assault         Tloc           19%        N/A       12%         4
 Volatile Blastmotes      Fire/Tloc      22%        2d11      14%         3
 Freeze                   Ice            12%        1d3       21%         1
 Magic Dart               Conj           12%        1d3       21%         1
 Necrotise                Necr           32%        1d5       21%         1
 Slow                     Hex            12%        N/A       21%         1
 Sting                    Conj/Alch      12%        1d3       21%         1
 Summon Small Mammal      Summ           12%        N/A       21%         1
 Cigotuvi's Dreadful Rot  Necr/Alch/Air  16%        N/A       30%         2
 Ensorcelled Hibernation  Hex/Ice        6%         N/A       30%         2
 Scorch                   Fire           6%         2d5       30%         2
 Searing Ray              Conj           6%         2d4       30%         2
 Static Discharge         Conj/Air       6%         3-4/arc   30%         2
 Dimensional Bullseye     Hex/Tloc       5%         N/A       43%         4
 Iskenderun's Mystic Bla  Conj/Tloc      11%        2d4       43%         4
 Vhi's Electric Charge    Tloc/Air       22%        N/A       43%         4
 Call Canine Familiar     Summ           3%         N/A       52%         3
 Confusing Touch          Hex            3%         N/A       52%         3
 Dazzling Flash           Conj/Hex       6%         N/A       52%         3
 Frozen Ramparts          Ice            6%         1d1       52%         3
 Fugue of the Fallen      Necr           8%         N/A       52%         3
 Hailstorm                Conj/Ice       3%         3d5       52%         3
 Inner Flame              Hex/Fire       3%         N/A       52%         3
 Ozocubu's Armour         Ice            3%         N/A       52%         3
 Passwall                 Erth           3%         N/A       52%         3
 Sigil of Binding         Hex            3%         N/A       52%         3
 Swiftness                Air            3%         N/A       52%         3
 Vampiric Draining        Necr           8%         2d6       52%         3
 Summon Forest            Summ/Tloc      5%         N/A       80%         5
 Dispersal                Tloc           9%         N/A       87%         6
 Airstrike                Air            1%         2d(1-17)  90%         4
 Anguish                  Hex/Necr       4%         N/A       90%         4
 Animate Dead             Necr           8%         N/A       90%         4
 Cause Fear               Hex            1%         N/A       90%         4
 Flame Wave               Conj/Fire      3%         2d5       90%         4
 Fulminant Prism          Conj/Alch      1%         3d5       90%         4
 Ignite Poison            Fire/Alch      3%         N/A       90%         4
 Leda's Liquefaction      Alch/Erth      1%         N/A       90%         4
 Martyr's Knell           Necr/Summ      8%         N/A       90%         4
 Petrify                  Alch/Erth      3%         N/A       90%         4
 Sticky Flame             Fire/Alch      3%         2d4       90%         4
 Summon Blazeheart Golem  Fire/Summ      3%         N/A       90%         4
 Summon Lightning Spire   Summ/Air       3%         N/A       90%         4
 Alistair's Intoxication  Alch           2%         N/A       99%         5
 Arcjolt                  Conj/Air       1%         1d11      99%         5
 Borgnjor's Vile Clutch   Necr/Erth      4%         N/A       99%         5
 Fireball                 Conj/Fire      1%         3d3       99%         5
 Iskenderun's Battlesphe  Conj           3%         2d6       99%         5
 Lee's Rapid Deconstruct  Erth           1%         3d4*      99%         5
 Metabolic Englaciation   Hex/Ice        1%         N/A       99%         5
 Summon Mana Viper        Hex/Summ       3%         N/A       99%         5
 Bombard                  Conj/Erth      1%         9d1       100%        6
 Death Channel            Necr           4%         N/A       100%        6
 Eringya's Noxious Bog    Alch           1%         4d6       100%        6
 Plasma Beam              Fire/Air       1%         2x1d11    100%        6
 Starburst                Conj/Fire      1%         6d3       100%        6
 Summon Cactus Giant      Summ           1%         N/A       100%        6
 Enfeeble                 Hex            1%         N/A       100%        7
 Haunt                    Necr/Summ      4%         N/A       100%        7
 Malign Gateway           Summ/Tloc      5%         N/A       100%        7
 Spellforged Servitor     Conj/Summ      1%         N/A       100%        7
 Summon Hydra             Summ           1%         N/A       100%        7
 Ignition                 Fire           1%         3d3       100%        8
 Maxwell's Capacitive Co  Air            1%         ∞         100%        8
 Summon Horrible Things   Summ           1%         N/A       100%        8
 Chain Lightning          Conj/Air       1%         3d2       100%        9
 Dragon's Call            Summ           1%         N/A       100%        9
 Sublimation of Blood     Necr           Unusable   N/A       N/A         2
 Borgnjor's Revivificati  Necr           Unusable   N/A       N/A         8
 Death's Door             Necr           Unusable   N/A       N/A         9

Dungeon Overview and Level Annotations

Branches:
Dungeon (15/15)            Temple (1/1) D:4            Lair (5/5) D:10
  Swamp (4/4) Lair:2       Spider (4/4) Lair:3        Slime (0/5) Lair:4
    Orc (2/2) D:9             Elf (3/3) Orc:2        Vaults (5/5) D:13
  Crypt (3/3) Vaults:3       Tomb (0/3) Crypt:3      Depths (4/4) D:15
    Zot (5/5) Depths:4    Ossuary (visited)          Bailey (visited)
  IceCv (visited)

Altars:
Ashenzari
Cheibriados
Dithmenos
Fedhas
Gozag
Hepliaklqana
Kikubaaqudgha
Makhleb
Nemelex Xobeh
Okawaru
Qazlal
Ru
Sif Muna
Trog
Uskayaw
Vehumet
Wu Jian
Xom
Yredelemnul
Jiyva

Shops:
D:6 *   D:8 *   D:10 *   D:11 (?   Orc:2 =(*[   Elf:1 [   Elf:2 [   Vaults:2 (
Vaults:4 :?[[=   Depths:1 [   Depths:3 :

Portals:
Hell: Depths:1 Depths:2 Depths:3 Depths:4
Abyss: Depths:3
Pandemonium: Depths:2 Depths:3
Ziggurat: Depths:2


Innate Abilities, Weirdness & Mutations

Your life essence is reduced to manifest your ancestor. (-10% HP)
You are immune to poison.
Your flesh is cold resistant. (rC+)
You are immune to negative energy. (rN+++)
You are immune to unholy pain and torment.
You are vulnerable to heat. (rF-)
You are strongly in touch with the powers of death.
You do not drink.
You have a special connection with the divine. (Faith)


Message History

a +0 robe; a +0 dire flail
Items here: ))) [[[.
You see here a +0 spear.
You see here a bullfrog skeleton.
There is a stone staircase leading up here.
You climb upwards.
There is a stone staircase leading down here.
There is a stone staircase leading up here.
You climb upwards.
There is a stone staircase leading down here.
There is an escape hatch in the ceiling here.
A mysterious force pulls you upwards. The hatch slams shut behind you.
You see here an adder skeleton.
There is a stone staircase leading up here.
You climb upwards.
There is a stone staircase leading down here.
There is a stone staircase leading up here.
You climb upwards.
There is a stone staircase leading down here.
Items here: )) [ ÷÷.
There is a stone staircase leading up here.
You climb upwards.
There is a stone staircase leading down here.
You see here a sapphire potion.
There is a stone staircase leading up here.
You climb upwards.
There is a stone staircase leading down here.
You see here a +0 club.
There is an open door here.
There is an open door here.
An Executioner comes into view.
Use which ability? (? or * to list) Mu-Mu is recalled.
You shoot an arrow. The arrow hits the Executioner.
The Executioner is lightly wounded.
The Executioner gestures.
The Executioner seems to speed up.
You shoot an arrow. The arrow hits the Executioner!!
The arrow freezes the Executioner.
The Executioner is heavily wounded.
You shoot an arrow. The arrow hits the Executioner.
The arrow freezes the Executioner.
The Executioner is heavily wounded.
The Executioner hits you but does no damage. x2
The Executioner closely misses you.
Mu-Mu casts a spell at the Executioner.
The crystal spear hits the Executioner!!!
The Executioner dies!
There is a staircase leading out of the dungeon here.
You have escaped!

# ##.############ # ##...## # #
##.....########## #
##.......##....... ####
#...............## ...#
###############.## .#.#
###P#P#P#P#P###.#. ...#
#.R............... .#.#
#@..PP........#.#! ##.#######
#A............#... ##.......#
###P#P#P#P#P###.## ########.#
########### #... ## #.#
#...#.##.# #.## .## #.#
#.....##.# #.#. ..##
#.#########..#..##.# #... ...##
#........##.!......# ##...
....####...####.###......####....


You could see the friendly Mu-Mu the battlemage and a daeva.

Vanquished Creatures
  A dread lich (Zot:5)
  An ancient lich (Crypt:3)
  2 orbs of fire (Zot:5)
  Xtahua (Vaults:3)
  Bai Suzhen (Depths:1)
  8 Killer Klowns
  the Enchantress (Depths:3)
  3 golden dragons
  13 Orb Guardians (Zot:5)
  4 liches
  Rupert (Lair:4)
  6 tentacled monstrosities
  4 titans
  2 deep elf blademasters (Elf:3)
  A deep elf master archer (Elf:3)
  2 acid blobs (Depths:4)
  4 death cobs
  6 sphinxes
  3 ancient champions
  A thorn hunter (Swamp:2)
  4 storm dragons
  7 shadow dragons
  2 tengu reavers
  A protean progenitor (Zot:3)
  A fenstrider witch (Swamp:2)
  A revenant (Crypt:2)
  A draconian monk (Zot:2)
  4 draconian knights
  8 vault wardens
  6 frost giants
  2 draconian shifters (Zot:5)
  6 fire giants
  4 draconian scorchers
  2 emperor scorpions (Spider:4)
  2 iron dragons
  3 deep elf sorcerers
  3 ghost moths
  2 draconian stormcallers
  2 deep elf elementalists (Elf:3)
  An orc warlord (Vaults:4)
  2 broodmothers
  Louise (Spider:2)
  2 spriggan defenders (Depths:3)
  2 ghouls (Crypt:2)
  12 ironbound preservers
  5 very ugly things
  A quicksilver ooze (Depths:4)
  5 stone giants
  2 draconian annihilators (Zot:2)
  5 green draconians
  3 black draconians
  5 deep elf demonologists
  An eleionoma (Swamp:4)
  3 deep elf annihilators
  5 deep elf death magi
  10 white draconians
  6 ironbound thunderhulks
  4 red draconians
  6 vampire knights
  4 purple draconians
  A lorocyproca (Zot:4)
  Azrael (Spider:2)
  3 dire elephants
  7 war gargoyles
  6 ettins
  4 bunyips
  8 spark wasps
  5 yellow draconians
  4 eidola
  A crystal guardian (Crypt:3)
  6 entropy weavers
  3 fire dragons (Depths:1)
  6 jiangshi
  2 deep elf high priests
  An entropy weaver (shapeshifter) (D:13)
  2 great orbs of eyes
  3 ice dragons
  A quicksilver dragon skeleton (Crypt:2)
  8 yaktaur captains
  A rakshasa (Depths:2)
  17 vault guards
  3 spriggan air magi
  A hell beast (Depths:3)
  3 ghost crabs
  2 ironbound frosthearts
  2 catoblepae
  21 hydras
  4 spriggan skeletons (Crypt:2)
  4 two-headed ogres
  A radroach (Spider:1)
  5 alligators
  3 boulder beetles
  10 centaur warriors
  22 dancing weapons
  6 deep troll earth magi
  A death scarab (Spider:3)
  4 death yaks (Lair:5)
  3 deep troll shamans
  3 vampire magi
  2 demonic crawlers
  3 tengu warriors
  10 deep elf knights
  6 spriggan berserkers
  A shock serpent (shapeshifter) (Vaults:5)
  3 soul eaters
  26 skeletal warriors
  A titan skeleton (Crypt:3)
  A pharaoh ant (Spider:2)
  3 hell knights
  2 iron trolls
  A skyshark (Lair:4)
  Lodul (D:11)
  3 goliath frogs
  33 deep trolls
  A glowing orange brain (shapeshifter) (Vaults:5)
  A spriggan druid (Swamp:1)
  2 glowing orange brains
  10 deep elf archers
  10 ironbound convokers
  3 sun moths
  A bunyip zombie (Swamp:2)
  3 arcanists
  8 bog bodies
  An orange crystal statue (IceCv)
  5 flayed ghosts
  3 bunyip skeletons (Swamp:2)
  3 steelbarb worms
  3 swamp dragons
  8 orb spiders
  2 phantasmal warriors (Crypt:1)
  9 necromancers
  9 lindwurms
  13 deep elf zephyrmancers
  7 orc knights
  15 deep elf pyromancers
  A wolf spider zombie (Crypt:2)
  A will-o-the-wisp (Swamp:4)
  6 wolf spiders
  13 ugly things
  4 orc sorcerers
  Maurice (Orc:2)
  A shining eye (shapeshifter) (Vaults:5)
  A manticore (D:15)
  A faun (shapeshifter) (D:15)
  20 moths of wrath
  A cyclops (D:14)
  A stone giant skeleton (Crypt:2)
  2 torpor snails
  8 elephants
  3 naga magi (Vaults:1)
  An elephant slug zombie (Crypt:2)
  4 black mambas
  2 dire elephant zombies
  A human skeleton (Vaults:3)
  2 kobold blastminers (Orc:1)
  2 eyes of devastation (Depths:4)
  16 vault sentinels
  3 hellions
  Jeremiah (D:9)
  6 cane toads
  A water nymph (Zot:3)
  2 centaur skeletons (Crypt:2)
  6 storm dragon simulacra (IceCv)
  An unseen horror (D:13)
  An alligator snapping turtle skeleton (Crypt:1)
  6 komodo dragons
  Maggie (Lair:1)
  2 gargoyles
  3 rime drakes
  A rime drake (shapeshifter) (D:13)
  A dire elephant skeleton (Crypt:3)
  3 freezing wraiths
  2 efreet (D:15)
  20 yaktaurs
  2 tengu conjurers
  A minotaur skeleton (Crypt:2)
  5 golden dragon simulacra (IceCv)
  13 tyrant leeches
  Grinder (D:4)
  6 trolls
  A bloated husk (Swamp:1)
  10 hornets
  13 tarantellas
  A polar bear (Lair:5)
  4 harpy skeletons (Crypt:2)
  13 dream sheep (Lair:5)
  19 slime creatures
  7 blink frogs
  3 air elementals
  An ettin skeleton (Crypt:2)
  12 spriggans
  30 jumping spiders
  2 vampires
  20 culicivoras
  6 wraiths
  A wyvern (Lair:3)
  4 fire elementals
  2 humans (D:10)
  A water elemental (Elf:2)
  4 basilisks
  A black mamba skeleton (Crypt:2)
  36 yaks
  2 golden eyes (Zot:5)
  3 wargs
  45 redbacks
  A spriggan simulacrum (Swamp:2)
  3 vampire mosquitoes
  A steam dragon (D:8)
  12 swamp worms
  Edmund (D:6)
  4 water moccasins
  4 naga skeletons
  2 ice beasts (D:5)
  4 black bears
  A dream sheep zombie (Crypt:2)
  21 orc warriors
  A sky beast (D:6)
  4 ice dragon simulacra (IceCv)
  37 laughing skulls
  4 swamp drakes
  14 ogres
  6 centaurs
  15 wolves
  A swamp dragon skeleton (Swamp:2)
  A phantom (D:5)
  2 elf zombies (Ossuary)
  11 bullfrogs
  2 necrophages (Crypt:2)
  A glowing shapeshifter simulacrum (Vaults:1)
  2 human simulacra
  A scorpion (D:5)
  An earth elemental (Elf:1)
  8 wights
  Dowan (D:4)
  A hornet simulacrum (D:14)
  A killer bee (D:8)
  2 lindwurm simulacra (IceCv)
  7 electric eels
  2 howler monkeys (D:11)
  4 centaur zombies
  2 jellies (Lair:4)
  7 hounds
  10 orc priests
  Crazy Yiuf (D:3)
  A sleepcap (D:5)
  Terence (D:3)
  4 iguanas
  12 orc wizards
  3 hell rats (Lair:5)
  2 hound zombies (Ossuary)
  2 mummies (Ossuary)
  A hound skeleton (Crypt:1)
  Robin (D:3)
  12 gnolls
  7 adders
  A shadow imp (D:7)
  4 white imps
  2 adder zombies (Ossuary)
  2 iguana skeletons
  7 ribbon worms
  5 dart slugs
  64 orcs
  5 ball pythons
  6 bats
  9 endoplasms
  2 giant cockroaches
  A gnoll zombie (Ossuary)
  10 goblins
  6 hobgoblins
  6 kobolds
  6 quokkas
  A ball python (shapeshifter) (D:4)
  A frilled lizard (D:2)
  2 jackal zombies (Ossuary)
  6 kobold zombies (Ossuary)
  5 orc zombies (Ossuary)
  3 rats
  A butterfly (Lair:2)
1437 creatures vanquished.

Vanquished Creatures (collateral kills)
  A dread lich (Zot:5)
  2 orbs of fire (Zot:5)
  An ancient lich (Zot:3)
  2 Killer Klowns (Zot:5)
  The ghost of Wiewnimod the Metallomancer, a veteran GrEE of Ashenzari (Depths:4)
  the Lernaean hydra (Swamp:4)
  A curse toe (Zot:5)
  Nikola (Swamp:2)
  4 golden dragons
  Norris (Depths:1)
  A bone dragon (Crypt:3)
  The ghost of Wethrebo the Warrior, an adept DgNe (Crypt:1)
  A Tzitzimitl (Zot:2)
  2 electric golems (Zot:5)
  A shard shrike skeleton (Crypt:3)
  12 Orb Guardians (Zot:5)
  7 tentacled monstrosities
  Jorgrun (Swamp:2)
  Zenata (Vaults:1)
  2 quicksilver dragons
  4 titans (Vaults:5)
  A sphinx (Vaults:4)
  A deep elf master archer (Elf:3)
  An Executioner (D:1)
  Gastronok (Lair:1)
  Frances (Swamp:2)
  4 death cobs
  8 tengu reavers
  2 revenants (Crypt:2)
  A protean progenitor (Zot:3)
  10 storm dragons
  Aizul (Elf:3)
  An azure jelly (Depths:4)
  A frost giant (Vaults:4)
  A shadow dragon (Zot:1)
  2 draconian knights
  4 draconian monks
  2 rockslimes (Depths:4)
  A draconian shifter (Zot:5)
  6 vault wardens
  A deep elf sorcerer (Elf:3)
  4 emperor scorpions
  A draconian stormcaller (Zot:5)
  2 angels (Depths:2)
  3 draconian scorchers
  5 ghost moths
  A curse skull (Crypt:2)
  6 deep elf elementalists
  A spriggan defender (Depths:3)
  3 draconian annihilators (Zot:5)
  A juggernaut zombie (Crypt:3)
  3 orc warlords
  Nessos (Lair:4)
  3 broodmothers (Spider:1)
  A caustic shrike skeleton (Crypt:2)
  8 ironbound preservers
  2 ironbound thunderhulks (Vaults:3)
  A formless jellyfish (Vaults:2)
  2 stone giants
  6 very ugly things
  4 green draconians
  3 deep elf demonologists
  3 vampire knights
  6 deep elf death magi
  A yellow draconian (Depths:4)
  3 deep elf annihilators
  3 war gargoyles
  2 black draconians (Zot:5)
  4 spark wasps
  A bunyip (Swamp:2)
  3 purple draconians
  3 red draconians
  3 dire elephants
  3 white draconians
  2 crystal guardians (Crypt:3)
  4 entropy weavers
  2 ettins
  2 jiangshi
  A deep elf high priest (Elf:3)
  2 fire dragons
  3 yaktaur captains
  An ice dragon (Depths:2)
  18 vault guards
  4 great orbs of eyes
  2 peacekeepers
  5 hydras
  2 ghost crabs
  Erica (Lair:1)
  2 catoblepae
  3 alligators
  6 ironbound frosthearts
  A jorogumo (Spider:3)
  2 boulder beetles (D:15)
  A centaur warrior (D:13)
  A spriggan air mage (Depths:3)
  A spriggan skeleton (Crypt:3)
  2 two-headed ogres (D:11)
  A death knight (Crypt:2)
  8 dancing weapons
  2 death yaks (Lair:5)
  A deep troll shaman (Lair:5)
  An orc high priest (Orc:2)
  A demonic crawler (Spider:3)
  A quicksilver ooze zombie (Crypt:1)
  A deep troll earth mage (Depths:3)
  4 vampire magi
  An occultist (Depths:3)
  A titan zombie (Crypt:3)
  6 deep elf knights
  4 hell knights (Crypt:3)
  A bunyip zombie (Swamp:2)
  15 skeletal warriors
  3 skysharks
  A pharaoh ant (Spider:4)
  A golden dragon zombie (Crypt:3)
  2 shadow wraiths
  2 storm dragon skeletons
  2 goliath frogs (Zot:3)
  A bog body (Swamp:3)
  A death drake (Zot:3)
  2 deep elf archers
  An arcanist (Vaults:4)
  14 deep trolls
  7 swamp dragons (Swamp:4)
  8 orc knights
  4 ironbound convokers
  3 phantasmal warriors (Crypt:1)
  5 steelbarb worms
  A bunyip skeleton (Swamp:2)
  15 deep elf pyromancers
  2 lindwurms
  A necromancer (Crypt:3)
  8 ugly things
  8 deep elf zephyrmancers
  A manticore (D:7)
  7 wolf spiders
  An orc sorcerer (Elf:1)
  A shadow dragon skeleton (Crypt:1)
  2 cyclopes
  2 will-o-the-wisps
  A human skeleton (Crypt:2)
  2 moths of wrath
  8 elephants
  2 water nymphs (Zot:3)
  A torpor snail (shapeshifter) (Vaults:5)
  6 cane toads
  A gargoyle (D:12)
  2 torpor snails
  A water nymph (shapeshifter) (Vaults:5)
  7 vault sentinels
  A storm dragon simulacrum (IceCv)
  A catoblepas zombie (Crypt:1)
  An unseen horror (D:13)
  A hellion (Zot:3)
  5 yaktaurs
  A purple draconian zombie (Crypt:2)
  A freezing wraith (Elf:1)
  10 komodo dragons
  A black draconian zombie (Crypt:2)
  3 trolls
  2 golden dragon simulacra (IceCv)
  A hydra zombie (Swamp:4)
  A red devil (Zot:5)
  3 polar bears (Lair:2)
  15 hornets
  A harpy skeleton (Crypt:3)
  5 tarantellas
  A boulder beetle zombie (Crypt:1)
  6 blink frogs
  15 slime creatures
  6 dream sheep (Lair:5)
  A fire dragon zombie (Crypt:3)
  7 jumping spiders
  A frost giant simulacrum (Vaults:3)
  6 culicivoras
  5 wyverns
  4 wraiths
  2 water elementals
  A vampire (D:10)
  42 yaks
  8 spriggans
  2 humans (D:10)
  9 redbacks
  An elf skeleton (Vaults:1)
  4 fire elementals
  A steam dragon (D:9)
  A redback (shapeshifter) (Vaults:5)
  2 basilisks (Lair:1)
  A steam dragon (shapeshifter) (D:14)
  5 vampire mosquitoes
  3 wargs (Orc:2)
  A swamp worm (Swamp:2)
  A glowing shapeshifter zombie (Vaults:1)
  3 acid dragons
  2 hell hounds (Spider:2)
  13 water moccasins
  2 ice beasts
  20 orc warriors
  A sky beast (D:7)
  4 swamp drakes (Swamp:4)
  A naga skeleton (Crypt:2)
  An ice dragon simulacrum (IceCv)
  3 black bears
  17 laughing skulls
  2 ogres
  5 wolves
  2 centaurs (D:10)
  2 kobold brigands
  An earth elemental (Elf:2)
  8 bullfrogs
  2 scorpions (D:7)
  2 gnoll sergeants
  2 necrophages (Crypt:3)
  A water moccasin skeleton (Crypt:2)
  5 wights
  3 killer bees
  A howler monkey (D:11)
  An electric eel (Lair:2)
  3 centaur zombies
  4 hounds
  A bombardier beetle (D:7)
  A human zombie (Ossuary)
  6 orc priests
  An iguana (D:7)
  A sleepcap (D:7)
  14 orc wizards
  3 hell rats (Lair:5)
  2 hound zombies (Ossuary)
  4 gnolls (Bailey)
  2 shadow imps (D:7)
  A white imp (D:7)
  An adder zombie (Ossuary)
  38 orcs
  3 gnoll zombies (Ossuary)
  2 jackal zombies (Ossuary)
  3 kobolds (D:10)
  2 kobold zombies (Ossuary)
  2 orc zombies (Ossuary)
  A butterfly (Lair:1)
835 creatures vanquished.

Vanquished Creatures (others)
  A shadow dragon (Zot:5)
  A spriggan druid (Swamp:4)
  A bloated husk (Swamp:2)
  A water elemental (Elf:1)
  A jelly (D:7)
  81 battlemagi
  4 ancestors
  An adder zombie (D:5)
  An orc (Orc:1)
  An orc zombie (Bailey)
  6 foxfires
99 creatures vanquished.

Grand Total: 2371 creatures vanquished

Notes
Turn   | Place    | Note
-------+----------+-------------------------------------------
     0 | D:1      | Ge0ff the Mummy Chaos Knight began the quest for the Orb.
     0 | D:1      | Reached XP level 1. HP: 18/18 MP: 1/1
     2 | D:1      | XOM: potion effect (haste)
    23 | D:1      | Fell from the grace of Xom
   159 | D:1      | Reached XP level 2. HP: 24/24 MP: 2/2
   753 | D:1      | XOM: noise
  1268 | D:2      | Reached XP level 3. HP: 9/29 MP: 3/3
  1311 | D:2      | XOM: 5-stop teleportation journey
  2076 | D:3      | Identified the +3 whip of Cekof {venom, rElec rPois Will++
                  | rCorr}
  2258 | D:3      | Found a shadowy altar of Dithmenos.
  2259 | D:3      | Found a basalt altar of Yredelemnul.
  2330 | D:3      | Found a runed translucent door.
  2330 | D:3      | Noticed Crazy Yiuf
  2330 | D:3      | XOM: 2-stop teleportation journey
  2347 | D:3      | Killed Crazy Yiuf
  2348 | D:3      | Reached XP level 4. HP: 11/35 MP: 4/4
  2477 | D:3      | Noticed Robin
  2535 | D:3      | Noticed Terence
  2542 | D:3      | Killed Terence
  2831 | D:3      | Killed Robin
  2832 | D:3      | Reached XP level 5. HP: 13/41 MP: 5/5
  2968 | D:3      | Found a broken altar of Ashenzari.
  2971 | D:3      | Found a sacrificial altar of Ru.
  2998 | D:3      | XOM: summons 3 hostile demons
  2999 | D:3      | Noticed a hellwing
  3594 | D:3      | XOM: stat loss: -1 Str (22/23)
  3705 | D:4      | Reached skill level 1 in Shields
  3830 | D:4      | Found a staircase to the Ecumenical Temple.
  3837 | Temple   | Entered the Ecumenical Temple
  3864 | Temple   | Became a worshipper of Hepliaklqana the Forgotten
  3878 | D:4      | Noticed an ogre
  3891 | D:4      | Killed an ogre
  3892 | D:4      | Reached skill level 5 in Polearms
  3892 | D:4      | Reached XP level 6. HP: 47/47 MP: 6/6
  3919 | D:4      | Found a snail-covered altar of Cheibriados.
  3920 | D:4      | Noticed Dowan
  3934 | D:4      | a ball python changed into a glowing shapeshifter
  3934 | D:4      | Noticed a glowing shapeshifter (glowing shapeshifter)
  3934 | D:4      | XOM: polymorph ball python -> glowing shapeshifter
  3935 | D:4      | a glowing shapeshifter changed into a dart slug
  4141 | D:4      | XOM: 1-stop teleportation journey
  4336 | D:4      | Reached skill level 1 in Dodging
  4442 | D:3      | Reached skill level 1 in Evocations
  4804 | D:4      | Killed Dowan
  4805 | D:4      | Reached XP level 7. HP: 53/53 MP: 7/7
  4805 | D:4      | Noticed Duvessa
  4811 | D:4      | Duvessa changed into Duvessa the centaur
  4811 | D:4      | Noticed Duvessa
  4816 | D:4      | Killed Duvessa the centaur
  5044 | D:4      | Noticed Grinder
  5076 | D:4      | Killed Grinder
  5077 | D:4      | Reached skill level 5 in Fighting
  5343 | D:4      | XOM: scenery: create altars
  5378 | D:4      | Found a snail-covered altar of Cheibriados.
  5458 | D:4      | Found a staircase to the Ecumenical Temple.
  5653 | D:5      | Entered Level 5 of the Dungeon
  5717 | D:5      | Reached skill level 1 in Ranged Weapons
  5826 | D:5      | Reached XP level 8. HP: 55/63 MP: 8/8
  6033 | D:5      | XOM: 2-stop teleportation journey
  6176 | D:5      | Reached * piety under Hepliaklqana
  6451 | D:6      | You fall into a shaft and drop 3 floors!
  6656 | D:8      | Found a flagged portal.
  6661 | Bailey   | Entered a bailey
  7178 | Bailey   | Noticed an orc knight
  7230 | D:8      | Noticed a hornet
  7553 | D:6      | Reached skill level 5 in Ranged Weapons
  7697 | D:6      | XOM: noise
  7709 | D:7      | Reached XP level 9. HP: 61/64 MP: 9/9
  7784 | D:7      | Found a sand-covered staircase.
  7791 | Ossuary  | Entered an ossuary
  8102 | Ossuary  | XOM: noise
  8405 | D:6      | Noticed a +0 falchion
  8406 | D:6      | Noticed a +0 short sword
  8406 | D:6      | Noticed a +0 dagger
  8407 | D:6      | Noticed a +0 spear
  8407 | D:6      | Noticed a +0 dagger
  8407 | D:6      | Noticed a +0 falchion
  8408 | D:6      | Noticed a +0 spear
  8408 | D:6      | Noticed a +0 short sword
  8627 | D:6      | Reached ** piety under Hepliaklqana
  8628 | D:6      | Remembered your ancestor Mu-Mu as a battlemage
  8629 | D:6      | Found a hide-covered altar of Uskayaw.
  8639 | D:6      | Noticed Edmund
  8687 | D:6      | Identified the +5 quarterstaff "Ossanaiz" {flame, rElec
                  | rC++ rN+ Str-2}
  8711 | D:6      | Killed Edmund
  8756 | D:6      | Found Goyqur's Assorted Antiques.
  8780 | D:6      | Bought a scroll labelled FAPTAM SEFIOGU for 32 gold pieces
  8780 | D:6      | Bought a scroll labelled FEK GAINULEIK for 32 gold pieces
  8780 | D:6      | Bought a short copper wand for 128 gold pieces
  8780 | D:6      | Bought a jewelled iron wand for 128 gold pieces
  8780 | D:6      | Bought a scroll of identify for 64 gold pieces
  8795 | D:6      | XOM: summons 3 hostile demons
  9155 | D:6      | Found Goyqur's Assorted Antiques.
  9188 | D:6      | Found a hide-covered altar of Uskayaw.
  9671 | D:7      | XOM: cloud trail
  9745 | D:7      | XOM: summons 3 hostile shadow creatures
  9976 | D:7      | Noticed a manticore
  9990 | D:7      | Killed a manticore
  9991 | D:7      | Reached XP level 10. HP: 71/71 MP: 10/10
  9994 | D:7      | Noticed a two-headed ogre
  9994 | D:7      | Noticed a deep elf pyromancer
 10082 | D:7      | Found a radiant altar of Vehumet.
 10083 | D:7      | Found a blossoming altar of Fedhas.
 10093 | D:7      | Found a sparkling altar of Nemelex Xobeh.
 10096 | D:7      | Found a blossoming altar of Fedhas.
 10112 | D:7      | Killed a deep elf pyromancer
 10131 | D:7      | Noticed a cyclops
 10411 | D:7      | Reached skill level 5 in Evocations
 10464 | D:7      | Killed a cyclops
 10866 | D:7      | Found a radiant altar of Vehumet.
 10867 | D:7      | Found a sparkling altar of Nemelex Xobeh.
 10868 | D:7      | Found a blossoming altar of Fedhas.
 10868 | D:7      | Found a blossoming altar of Fedhas.
 11375 | D:7      | Killed a two-headed ogre
 11376 | D:7      | Reached skill level 10 in Ranged Weapons
 11575 | D:8      | XOM: confusion
 11637 | D:8      | XOM: 5-stop teleportation journey
 11742 | D:8      | Found Meuth's General Store.
 11747 | D:8      | Bought a scroll of teleportation for 36 gold pieces
 11747 | D:8      | Bought a scroll of teleportation for 36 gold pieces
 11747 | D:8      | Bought a scroll of teleportation for 36 gold pieces
 11797 | D:8      | Found an opulent altar of Gozag.
 12391 | D:9      | Reached *** piety under Hepliaklqana
 12409 | D:9      | Noticed a two-headed ogre
 12479 | D:9      | Killed a two-headed ogre
 12480 | D:9      | Reached XP level 11. HP: 75/75 MP: 3/11
 12577 | D:9      | Was forgiven by Xom
 12644 | D:9      | Noticed a two-headed ogre
 12667 | D:9      | Killed a two-headed ogre
 12724 | D:9      | Reached skill level 1 in Invocations
 13299 | D:9      | Noticed Jeremiah
 13302 | D:9      | Killed Jeremiah
 13397 | D:9      | Found a staircase to the Orcish Mines.
 13540 | D:9      | Found a staircase to the Orcish Mines.
 14069 | D:10     | Entered Level 10 of the Dungeon
 14351 | D:10     | Found a sparkling altar of Nemelex Xobeh.
 14351 | D:10     | Found an iron altar of Okawaru.
 14364 | D:10     | Found Jemeym's General Store.
 14774 | D:10     | Identified the +8 long sword "Citsistrub" {chaos, rC+}
 15192 | D:10     | Found a staircase to the Lair.
 15708 | D:11     | Reached **** piety under Hepliaklqana
 15726 | D:11     | Found Diewy's Antique Weapon Boutique.
 15726 | D:11     | Noticed a two-headed ogre
 15732 | D:11     | Killed a two-headed ogre
 15769 | D:11     | Noticed Lodul
 15776 | D:11     | Reached XP level 12. HP: 84/84 MP: 5/15
 15777 | D:11     | Killed Lodul
 15898 | D:11     | Found Iheghof's Magic Scroll Boutique.
 15902 | D:11     | Bought a scroll of noise for 15 gold pieces
 16059 | D:11     | Noticed a two-headed ogre
 16067 | D:11     | Killed a two-headed ogre
 16395 | D:11     | Noticed a two-headed ogre
 16405 | D:11     | Killed a two-headed ogre
 16478 | D:11     | Reached ***** piety under Hepliaklqana
 16580 | D:11     | Identified the +1 whip of the Beginning {heavy, ^Fragile
                  | rPois Int+3}
 17048 | Lair:1   | Entered Level 1 of the Lair of Beasts
 17052 | Lair:1   | Noticed Maggie
 17058 | Lair:1   | Killed Maggie
 17083 | D:10     | Reached skill level 5 in Invocations
 17222 | Lair:1   | Noticed a catoblepas
 17232 | Lair:1   | Killed a catoblepas
 17436 | Lair:1   | Noticed Gastronok
 17451 | Lair:1   | Killed Gastronok
 17482 | Lair:1   | Noticed Erica
 17489 | Lair:1   | Killed Erica
 17650 | Lair:1   | Gained mutation: You are strongly in touch with the powers
                  | of death. [Mummy growth]
 17650 | Lair:1   | Reached XP level 13. HP: 58/91 MP: 13/17
 18304 | Lair:2   | Reached skill level 10 in Fighting
 18387 | Lair:2   | Found a staircase to the Swamp.
 19037 | Lair:3   | Found a hide-covered altar of Uskayaw.
 19214 | Lair:3   | HP: 1/93 [komodo dragon (29)]
 19947 | Lair:3   | Reached XP level 14. HP: 99/99 MP: 19/19
 20227 | Lair:3   | Found a hole to the Spider Nest.
 20312 | Lair:4   | Noticed Nessos
 20322 | Lair:4   | Killed Nessos
 20729 | Lair:4   | Found a staircase to the Slime Pits.
 20947 | Lair:4   | Noticed Rupert
 20956 | Lair:4   | Killed Rupert
 21513 | Lair:4   | Identified the staff of Raita {rElec rN+++ Will- rCorr
                  | Int-5 Air}
 21580 | Lair:4   | Learned a level 2 spell: Blink
 21644 | Lair:5   | Entered Level 5 of the Lair of Beasts
 21737 | Lair:5   | Reached skill level 1 in Spellcasting
 21804 | Lair:5   | Reached skill level 1 in Translocations
 21951 | Lair:5   | Reached skill level 15 in Ranged Weapons
 22516 | Lair:5   | Reached XP level 15. HP: 108/108 MP: 20/20
 22901 | D:11     | Bought a scroll of summoning for 142 gold pieces
 22901 | D:11     | Bought a scroll of torment for 142 gold pieces
 22970 | Orc:1    | Entered Level 1 of the Orcish Mines
 23038 | Orc:2    | Entered Level 2 of the Orcish Mines
 24167 | Orc:2    | Found Idaaril's Antique Armour Boutique.
 24175 | Orc:2    | Found Dusig's Antique Weapon Boutique.
 24281 | Orc:2    | Found a staircase to the Elven Halls.
 24522 | Orc:2    | Bought an ichor-stained scale mail for 198 gold pieces
 24522 | Orc:2    | Identified the +3 scale mail of Vozah {*Corrode rC++} (You
                  | bought it in a shop on level 2 of the Orcish Mines)
 24531 | Orc:2    | Found Balaniul's General Store.
 24547 | Orc:2    | Found Facuc's Jewellery Boutique.
 24554 | Orc:2    | Bought the ring of Joy {rF+ EV+5 Str+2 Int+3} for 847 gold
                  | pieces
 24576 | Orc:2    | Noticed Maurice
 24595 | Orc:2    | Killed Maurice
 25893 | D:13     | Found a gate to the Vaults.
 25897 | D:13     | Reached skill level 5 in Spellcasting
 26134 | D:13     | Reached ****** piety under Hepliaklqana
 26972 | D:14     | Identified the +10 great sword "Vaitsu" {venom, ^Fragile
                  | rPois rN+++}
 27811 | D:15     | Entered Level 15 of the Dungeon
 27913 | D:15     | Identified the +2 trident "Lihuutz" {heavy, rElec MP+9
                  | Str+4}
 27957 | D:15     | Reached XP level 16. HP: 117/117 MP: 21/23
 28210 | D:15     | Found a staircase to the Depths.
 28761 | Swamp:1  | Entered Level 1 of the Swamp
 29355 | Swamp:2  | Noticed Frances
 29444 | Swamp:2  | Killed Frances
 29536 | Swamp:2  | Noticed a thorn hunter
 29546 | Swamp:2  | Killed a thorn hunter
 29549 | Swamp:2  | Identified the +2 shortbow "Fev Yt Urr" {speed, rC- Will+++
                  | Str+5 Dex-4}
 30282 | Swamp:2  | Noticed Nikola
 30288 | Swamp:2  | Noticed Jorgrun
 30460 | Swamp:2  | Killed Jorgrun
 30732 | Swamp:2  | Killed Nikola
 30733 | Swamp:2  | Reached skill level 15 in Fighting
 30746 | Swamp:2  | Found an ancient bone altar of Kikubaaqudgha.
 30757 | Swamp:2  | Got the Papyrus of Despair
 31345 | Swamp:4  | Entered Level 4 of the Swamp
 31407 | Swamp:4  | Reached XP level 17. HP: 127/127 MP: 24/24
 32282 | Swamp:4  | Got Khufu's Tome of Reanimation Made Easy
 32545 | Swamp:4  | Noticed the 27-headed Lernaean hydra
 32547 | Swamp:4  | Killed the 27-headed Lernaean hydra
 32696 | Swamp:4  | Got a decaying rune of Zot
 32941 | Spider:1 | Entered Level 1 of the Spider Nest
 35377 | Spider:2 | Noticed Louise
 35385 | Spider:2 | Killed Louise
 35577 | Spider:2 | Noticed Azrael
 35585 | Spider:2 | Killed Azrael
 36810 | Spider:3 | Reached skill level 5 in Armour
 36965 | Spider:3 | Got the Folio of the Dusty Coals
 37193 | Spider:3 | Reached XP level 18. HP: 138/138 MP: 25/25
 37633 | Spider:4 | Entered Level 4 of the Spider Nest
 37820 | Spider:4 | Reached skill level 1 in Throwing
 37839 | Spider:4 | Reached skill level 5 in Dodging
 39382 | Spider:4 | Got a gossamer rune of Zot
 39746 | Elf:1    | Entered Level 1 of the Elven Halls
 39832 | Elf:1    | Found a glacial archway.
 39847 | IceCv    | Entered an ice cave
 40181 | IceCv    | Reached skill level 10 in Invocations
 40298 | IceCv    | Identified the ring "Ziodo" {rF+ Will+ EV+5}
 40603 | IceCv    | Found the +2 hat of the Bear Spirit {Spirit, Bear, *Rage
                  | Will++}
 40608 | IceCv    | Identified the amulet "Aphemm" {Faith Str+2}
 40646 | IceCv    | Identified the ring of Jotatept {Fly Int+2}
 40892 | D:10     | Bought the +2 orcbow of Daumym {heavy, rElec rF+ Dex+3} for
                  | 741 gold pieces
 41380 | Elf:1    | Found Rudimotze's Armour Shoppe.
 42055 | Elf:2    | Paralysed by an air elemental for 1 turns
 42198 | Elf:2    | Reached skill level 10 in Evocations
 42351 | Elf:2    | Reached XP level 19. HP: 138/146 MP: 23/26
 42382 | Elf:2    | Found a runed translucent gate.
 42382 | Elf:2    | Found a runed translucent gate.
 42382 | Elf:2    | Found a runed translucent gate.
 42611 | Elf:2    | Found Wyexol's Armour Shoppe.
 43333 | Elf:3    | Entered Level 3 of the Elven Halls
 43844 | Elf:3    | Identified the ring "Kemont" {Fire rN++ Dex-4}
 43854 | Elf:3    | Identified the serpent talisman of Bad Feelings {Int+6}
 43854 | Elf:3    | Noticed Aizul
 43859 | Elf:3    | Killed Aizul
 43965 | Elf:3    | Identified the +4 long sword of the Sun {protect, ^Contam
                  | rF+ Int+2 Dex+6}
 44026 | Elf:3    | Reached skill level 5 in Throwing
 44029 | Elf:3    | Identified the +1 scale mail of Beogh's Righteous Fury
                  | {SInv}
 44215 | Elf:3    | Identified the +8 ring mail of Gisifymie {-Cast Fly rF+ rN+
                  | Slay+2}
 44215 | Elf:3    | Identified the ring of Runav {rN+ Will+ Dex+4}
 44452 | Elf:3    | Identified the ring of Xorph {Fly rPois rCorr Dex+3}
 44492 | Elf:3    | Identified the +9 great sword "Gunigil" {pain, rCorr}
 44763 | Elf:3    | Identified the ring "Ytao" {rC+ Dex+6 Stlth+}
 45016 | Elf:3    | Identified the +5 ring mail "Qoskauph" {Rampage rCorr
                  | Str-2}
 45023 | Elf:3    | Identified a scroll of acquirement
 45258 | Elf:3    | Acquired a manual of Armour
 45440 | Vaults:1 | Entered Level 1 of the Vaults
 45745 | Vaults:1 | Identified the +0 robe "Siniukysh" {+Inv rN+}
 45776 | Vaults:1 | Reached XP level 20. HP: 137/156 MP: 23/28
 46228 | Vaults:1 | Noticed Zenata
 46783 | Vaults:1 | Killed Zenata
 46861 | Vaults:1 | Identified the +2 robe "Hero's Friend" {rC++ Int+2}
 46874 | Vaults:1 | Found a radiant altar of Vehumet.
 46963 | Vaults:1 | Identified the +0 hat "Fassoel" {rElec rC+}
 47428 | Vaults:2 | Found Fuceti's Antique Weapon Shop.
 47833 | Vaults:2 | Identified the +1 quarterstaff of Yluock {venom, rF+ rN+
                  | Str+4 Int+5}
 48411 | Vaults:3 | Found a staircase to the Crypt.
 48805 | Vaults:3 | Got the Tome of the Cucurbite
 48853 | Vaults:3 | Noticed Xtahua
 49141 | Vaults:3 | Killed Xtahua
 49142 | Vaults:3 | Reached XP level 21. HP: 136/163 MP: 24/30
 49747 | Vaults:4 | Found Xeutiutuys's Armour Shoppe.
 49813 | Vaults:4 | Found Idiropet's Jewellery Emporium.
 49820 | Vaults:4 | Bought the amulet of the Ego {Spirit rPois rF++ Regen+
                  | Int-4} for 1106 gold pieces
 49951 | Vaults:4 | Found Wymmenia's Antique Armour Boutique.
 49959 | Vaults:4 | Bought a pair of embroidered boots for 142 gold pieces
 49959 | Vaults:4 | Bought a pair of runed boots for 142 gold pieces
 49993 | Vaults:4 | Found Jenekikhonn's Book Emporium.
 50909 | Vaults:4 | Found Hiedivax's Magic Scroll Emporium.
 50912 | Vaults:4 | Bought a scroll of teleportation for 57 gold pieces
 50912 | Vaults:4 | Bought a scroll of teleportation for 57 gold pieces
 50912 | Vaults:4 | Bought a scroll of enchant weapon for 142 gold pieces
 51384 | Depths:1 | Entered Level 1 of the Depths
 51392 | Depths:1 | Noticed Norris
 51400 | Depths:1 | Killed Norris
 51604 | Depths:1 | Reached skill level 10 in Armour
 51632 | Depths:1 | Found Xyepaok's Armour Emporium.
 51647 | Depths:1 | Noticed Bai Suzhen
 51661 | Depths:1 | Found a gateway to Hell.
 51665 | Depths:1 | Killed Bai Suzhen
 51814 | Depths:1 | Found an ancient bone altar of Kikubaaqudgha.
 51942 | Depths:1 | Found a shadowy altar of Dithmenos.
 52361 | Depths:2 | Found a one-way gate leading to the halls of Pandemonium.
 52517 | Depths:2 | Identified the staff of the Shrinking Gods {rC- rN+ Int+7
                  | Necro}
 52591 | Depths:1 | Found the +7 lajatang of Order {silver, rMut}
 52734 | Depths:2 | Identified the staff of Wuet {Str+2 Conj}
 52928 | Depths:2 | Found a one-way gateway to a ziggurat.
 53178 | Depths:2 | Identified the +7 dagger of Havoc {drain, Str+2 Int+3}
 53846 | Depths:3 | Found Maqootim's One-of-a-Kind Books.
 53882 | Depths:3 | Reached XP level 22. HP: 172/172 MP: 28/31
 53937 | Depths:3 | Noticed the Enchantress
 54084 | Depths:3 | Killed the Enchantress
 54153 | Depths:3 | Found the +5 glaive of the Guard {elec, spectral}
 54320 | Depths:3 | Found a one-way gate to the infinite horrors of the Abyss.
 54400 | Depths:3 | Found an iron altar of Okawaru.
 54581 | Depths:4 | Entered Level 4 of the Depths
 54730 | Depths:4 | Reached skill level 1 in Stealth
 54902 | Depths:4 | Identified the +5 flail of Death's Door {drain, rC+ Stlth+}
 54938 | Depths:4 | Found a runed translucent gate.
 54938 | Depths:4 | Found a runed translucent gate.
 54938 | Depths:4 | Found a runed translucent gate.
 54938 | Depths:4 | Noticed Wiewnimod's ghost (veteran GrEE)
 55247 | Depths:4 | Found a gate to the Realm of Zot.
 55250 | Depths:4 | Noticed a golden dragon
 55256 | Depths:4 | Killed a golden dragon
 55310 | Depths:4 | Found an ancient bone altar of Kikubaaqudgha.
 55411 | Depths:4 | Found a viscous altar of Jiyva.
 55421 | Depths:4 | Killed Wiewnimod's ghost
 55567 | Depths:4 | Identified the +8 quarterstaff of the Eternal Void {freeze,
                  | rF- Int+5 Dex+3}
 55573 | Depths:4 | Got Sif Muna's Tome of Stormy Formation
 55987 | Depths:4 | Found a gate to the Realm of Zot.
 56029 | Depths:4 | Found an ancient bone altar of Kikubaaqudgha.
 56347 | Crypt:1  | Entered Level 1 of the Crypt
 56664 | Crypt:1  | Reached skill level 5 in Translocations
 56774 | Crypt:1  | Found a runed translucent door.
 56774 | Crypt:1  | Noticed Wethrebo's ghost (adept DgNe)
 56970 | Crypt:1  | Killed Wethrebo's ghost
 57378 | Crypt:2  | Reached XP level 23. HP: 179/179 MP: 29/33
 57605 | Crypt:2  | Reached skill level 10 in Dodging
 58186 | Crypt:3  | Entered Level 3 of the Crypt
 58653 | Crypt:3  | Reached skill level 5 in Stealth
 58705 | Crypt:3  | Identified the +8 orcbow of the Nurturing Blowfly {speed,
                  | Int+4}
 58911 | Crypt:3  | Noticed an ancient lich
 58915 | Crypt:3  | Killed an ancient lich
 58936 | Crypt:3  | Found an ancient bone altar of Kikubaaqudgha.
 58959 | Crypt:3  | Identified the staff of Peril {^Fragile rC+ rN+ Str+6
                  | Necro}
 59007 | Crypt:3  | Identified the ring of the Distant Future {^Drain rC++ rN+}
 59036 | Crypt:3  | Identified the ring "Naunwax" {*Corrode +Blink rPois rN+
                  | Int+7}
 59036 | Crypt:3  | Identified the ring "Dailaen" {rN+ Will++ Int+2 Dex+2}
 59352 | Crypt:3  | Found a staircase to the Tomb.
 59683 | Vaults:5 | Entered Level 5 of the Vaults
 59999 | Vaults:5 | Got the Octavo of the Ill-fated Bonfire
 60106 | Vaults:5 | Learned a level 1 spell: Apportation
 60519 | Vaults:5 | Reached XP level 24. HP: 148/185 MP: 26/34
 60598 | Vaults:5 | Reached skill level 15 in Invocations
 61137 | Vaults:5 | Identified the +0 long sword of the Forest {holy, Will+}
 61170 | Vaults:5 | Found the ring of the Octopus King
 61171 | Vaults:5 | Found the +4 consecrated labrys {holy, Valiant ^Fragile Fly
                  | SInv}
 61176 | Vaults:5 | Identified the ring of Naucvil {rF+ Dex+6}
 61184 | Vaults:5 | Identified a ring of the Octopus King {rN+ HP+2 AC+2 EV+2
                  | SH+2}
 61303 | Vaults:5 | Identified the +10 war axe "Uloqauno" {venom, Fly Str+2}
 61451 | Vaults:5 | Found the +4 robe of Folly {Brill Will-∞ Int+8}
 61503 | Vaults:5 | Got a silver rune of Zot
 62057 | Orc:2    | Bought a scroll of enchant weapon for 105 gold pieces
 62057 | Orc:2    | Bought a scroll of teleportation for 42 gold pieces
 62075 | Orc:2    | Bought the ring "Hegafid" {rPois Will+ rCorr Dex+6} for 817
                  | gold pieces
 62173 | D:11     | Bought a scroll of enchant weapon for 112 gold pieces
 62173 | D:11     | Bought a scroll of immolation for 60 gold pieces
 62173 | D:11     | Bought a scroll of teleportation for 45 gold pieces
 62173 | D:11     | Bought a scroll of enchant weapon for 112 gold pieces
 62228 | D:10     | Bought a wand of flame (9) for 107 gold pieces
 62228 | D:10     | Bought a wand of polymorph (3) for 71 gold pieces
 62278 | D:11     | Bought the +8 Vampire's Tooth {megavamp} for 1500 gold
                  | pieces
 62278 | D:11     | Found the +8 Vampire's Tooth {megavamp}
 62476 | Vaults:4 | Bought the ring of Suspected Treachery {Wiz rElec rPois
                  | Will+} for 1183 gold pieces
 62797 | Zot:1    | Entered Level 1 of the Realm of Zot
 63395 | Zot:3    | Noticed an ancient lich
 63463 | Zot:3    | Killed an ancient lich
 63584 | Zot:4    | Identified the +3 scale mail of Ru's Approval {Fly rPois}
 64083 | Zot:4    | Noticed a Killer Klown
 64098 | Zot:4    | Killed a Killer Klown
 64533 | Zot:5    | Entered Level 5 of the Realm of Zot
 64638 | Zot:5    | Reached XP level 25. HP: 191/191 MP: 34/34
 64763 | Zot:5    | Noticed a Killer Klown
 64763 | Zot:5    | Noticed a Killer Klown
 64763 | Zot:5    | Noticed a Killer Klown
 64763 | Zot:5    | Noticed a Killer Klown
 64763 | Zot:5    | Noticed an orb of fire
 64904 | Zot:5    | Reached skill level 15 in Armour
 65082 | Zot:5    | Reached skill level 10 in Stealth
 65221 | Zot:5    | Noticed a dread lich
 65233 | Zot:5    | Killed a dread lich
 65242 | Zot:5    | Noticed an orb of fire
 65249 | Zot:5    | Killed an orb of fire
 65291 | Zot:5    | Noticed a Killer Klown
 65299 | Zot:5    | Killed a Killer Klown
 65325 | Zot:5    | Noticed a Killer Klown
 65335 | Zot:5    | Killed a Killer Klown
 65426 | Zot:5    | Noticed an orb of fire
 65432 | Zot:5    | Killed an orb of fire
 65518 | Zot:5    | Noticed a Killer Klown
 65518 | Zot:5    | Noticed a Killer Klown
 65530 | Zot:5    | Killed a Killer Klown
 65540 | Zot:5    | Killed a Killer Klown
 65558 | Zot:5    | Killed an orb of fire
 65579 | Zot:5    | Noticed a dread lich
 65586 | Zot:5    | Killed a dread lich
 65586 | Zot:5    | Noticed an orb of fire
 65596 | Zot:5    | Killed an orb of fire
 65621 | Zot:5    | Killed a Killer Klown
 65737 | Zot:5    | Noticed a Killer Klown
 65745 | Zot:5    | Killed a Killer Klown
 65862 | Zot:5    | Reached skill level 15 in Evocations
 66248 | Zot:5    | Killed a Killer Klown
 66290 | Zot:5    | Killed a Killer Klown
 66322 | Zot:5    | Killed a Killer Klown
 66786 | Zot:5    | Got the Orb of Zot
 67380 | D:$      | Escaped with the Orb!

Illustrated notes

Levels and vault maps discovered:
D:1:      minmay_arrival_plants_in_alcoves, layout_loops_corners
D:2:      layout_basic, grunt_ministairs_11, minmay_tromino_v4_a
D:3:      layout_basic, nicolae_overflow_squiral,
          nicolae_overflow_hidden_temple, nicolae_wormholes, uniq_robin,
          uniq_crazy_yiuf_cottage, uniq_terence
D:4:      layout_rooms, kennysheep_slug_shrine, minmay_temple_entry_butterflies,
          uniq_duvessa, uniq_grinder
D:5:      layout_rooms
D:6:      layout_basic, nicolae_uskayaw_en_pointe, serial_shops,
          nicolae_shop_pleasant_corner_grove, hex_medium, uniq_edmund
D:7:      minmay_the_grid_octo_tiled_octocenter [minmay_the_grid_octo_checkered,
          minmay_the_grid_octo_shrine, minmay_the_grid_octo_toaster,
          minmay_the_grid_octo_clover, minmay_the_grid_octo_prize_big_c,
          minmay_the_grid_square_5x5_n_small, minmay_the_grid_square_5x5_meh,
          minmay_the_grid_square_5x5_half_checkered,
          minmay_the_grid_square_5x5_minivault], layout_basic, enter_ossuary_1
D:8:      layout_loops_ring, nicolae_gozag_cash_rules_everything_around_me,
          enter_bailey_2, serial_shops, shop
D:9:      layout_roguey, hiddenorc1_lemuel, minmay_chambers_of_fives,
          uniq_jeremiah
D:10:     minmay_inner_zag, layout_stronghold, gammafunk_temple_overflow_wave,
          erik_lair_island, serial_shops, shop, minmay_ruffians
D:11:     layout_irregular_city, serial_shops, nicolae_square_shop, shop,
          uniq_lodul
D:12:     layout_basic
D:13:     layout_stronghold, lightli_vaults_fourway_checkpoint
D:14:     layout_irregular_city, nicolae_wwwww
D:15:     gammafunk_enter_depths_forms, layout_irregular_city
Temple:   nicolae_temple_ecumenical_triangle
Lair:1:   layout_cave_shapes, lemuel_fruit_fields, uniq_maggie, uniq_gastronok,
          uniq_erica
Lair:2:   layout_long_grid, swamp_mist_pool, small_statue_intersection,
          fungi_pond_lemuel, cheibrodos_lair_lostbears, lemuel_fruit_fields
Lair:3:   layout_gridlike, hellmonk_spider_entry_life_and_decay, basic_altar,
          beast_lair_carwin_1
Lair:4:   cheibrodos_lair_overgrown_chateau, layout_gridlike, slime_entry_2,
          serial_bayou_pond_c, uniq_nessos, uniq_rupert
Lair:5:   grunt_lair_end_beastmaster, layout_misc_corridors, grunt_megastairs_2
Swamp:1:  layout_basic_swamp, nicolae_swamp_stuck_in_the_mud
Swamp:2:  layout_falls_marsh, evilmike_swamp_ruin_house_3, beargit_kiku_chapel,
          infiniplex_staircase_pool_2, uniq_nikola, uniq_frances, uniq_jorgrun
Swamp:3:  layout_falls_marsh, evilmike_swamp_ruin_rubble_2
Swamp:4:  swamp_old_school, layout_basic_swamp, swamp_pool_1_2,
          nicolae_swamp_necromancy_gone_wrong
Spider:1: nicolae_spider_brood_tunnel
Spider:2: layout_chambers, uniq_azrael, uniq_louise
Spider:3: layout_spider_delve, hangedman_spider_tarantella_strand
Spider:4: guppyfry_spider_rune, nicolae_spider_bzzzt
Orc:1:    layout_diamond_mine
Orc:2:    grunt_orc_cross, layout_caves, nicolae_orc_damp_corner, uniq_maurice
Elf:1:    minmay_elf_arrival_summoners, layout_geoelf_diagonals, serial_shops,
          nicolae_shop_hallway_plus, portal_ice_cave_entry_frozen_things,
          nicolae_elf_crossing_hall
Elf:2:    elven_hall_of_blades_hangedman_original [nicolae_blade_lattice],
          layout_geoelf_octagon, serial_shops, shop
Elf:3:    grunt_elf_hall_spiral, layout_loops_corners, uniq_aizul
Vaults:1: hangedman_vaults_maws, nicolae_vaults_network_periphery,
          grunt_tower_of_power, v_misc_22, nicolae_vaults_closet_pinwheel_2,
          ontoclasm_vaults_loading_screen, nicolae_vaults_cornered_office,
          nicolae_vaults_tetromino_L_1, v_misc_24,
          nicolae_vaults_little_squares_4, nicolae_vaults_house_2,
          layout_vaults_maze_snakey, uniq_zenata
Vaults:2: nicolae_vaults_spaceships, nicolae_vaults_frosty_reception,
          nicolae_vaults_storage_room_water, nicolae_vaults_network_quincunx
          [nicolae_vaults_network_quincunx_subvault,
          nicolae_vaults_network_quincunx_subvault,
          nicolae_vaults_network_quincunx_subvault,
          nicolae_vaults_network_quincunx_subvault,
          nicolae_vaults_network_quincunx_subvault],
          nicolae_vaults_network_barrier, hangedman_vaults_slice,
          nicolae_vaults_ring_of_whatevers, v_rooms_5,
          nicolae_vaults_little_squares_5, nicolae_vaults_specimen_jars,
          nicolae_vaults_tetromino_L_2, serial_library_hellmonk_semicircle,
          layout_vaults_omnibox, serial_shops, shop
Vaults:3: nicolae_vaults_six-pack, ontoclasm_vaults_decontamination, v_misc_19,
          minmay_crypt_entry_simple_statues, nicolae_vaults_tetromino_L_2,
          nicolae_vaults_house_3, v_misc_10, v_misc_16,
          nicolae_vaults_oval_intersection, nicolae_vaults_enemy_cabinets,
          vaults_room_pool, nicolae_vaults_border_crossing,
          nicolae_vaults_trapezoid_lopsided_2, dpeg_vaults_monster_box,
          layout_vaults_big_room, uniq_xtahua
Vaults:4: hangedman_vaults_variations, nicolae_vaults_closet_pinwheel_4,
          vaults_dpeg_doors, nicolae_vaults_storage_closets_2, v_rooms_2,
          hangedman_vaults_corner_blocks, nicolae_vaults_more_shelving_1,
          layout_vaults_omnigrid, serial_shops, nicolae_shop_back_alley_shop,
          nicolae_shop_rolled_up, shop, shop, shop
Vaults:5
Crypt:1:  layout_rooms, ebering_ghost_inner_flame, grunt_megastairs_5
Crypt:2:  minmay_skeleton_keep, layout_rooms
Crypt:3:  cryptofortress_bobbens
Depths:1: layout_roguey, grunt_decor_junction, serial_shops, shop, hell_entry,
          chequers_serial_rivers_micro_a, grunt_dithmenos_smoke,
          hangedman_decor_cross_pass, firewood_loft, uniq_norris,
          uniq_bai_suzhen
Depths:2: minmay_tri_box, layout_gridlike, enter_ziggurat_c, pan_entry,
          kennysheep_decorative_pillar, hell_entry,
          chequers_serial_rivers_small_a, grunt_ministairs_6,
          infiniplex_staircase_diamond
Depths:3: minmay_shoctagon, layout_cave_pools, hell_entry,
          abyss_entry_small_statue_room, pan_entry, lemuel_doored_altar,
          minmay_misc_feat_rows, nicolae_rare_books,
          infiniplex_staircase_zigzag_1, uniq_enchantress
Depths:4: grunt_twist_and_shout, layout_basic, gammafunk_ghost_ooze, hell_entry,
          lemuel_crystal_altar
Zot:1:    layout_gridlike, regret_index_zotdec_glowing_original,
          grunt_megastairs_4
Zot:2:    layout_twisted_circle, bh_zot_levy_curve, uniq_parghit
Zot:3:    hangedman_snap_crack_crunch, layout_onion_interference,
          hangedman_hellfire_club
Zot:4:    layout_gridlike
Zot:5:    layout_cellular_growth

Skill      XL: |  1  2  3  4  5  6  7  8  9 10 11 12 13 14 15 16 17 18 19 20 21 22 23 24 25 |
---------------+----------------------------------------------------------------------------+-----
Polearms       | 3 4 5 |  5.0
Shields        | 2 3 |  3.0
Dodging        | 1 3 4 5 6 8 9 11 12 14 | 14.3
Evocations     | 1 3 4 5 6 7 8 9 10 11 12 13 15 | 15.0
Fighting       | 5 7 8 9 10 11 13 15 17 18 19 20 | 20.9
Ranged Weapons | 1 5 8 11 12 13 14 15 16 17 18 19 20 | 20.9
Armour         | 2 4 5 8 11 12 13 14 15 | 15.0
Invocations    | 4 5 7 9 10 11 12 13 14 15 | 15.0
Spellcasting   | 3 5 7 |  7.0
Translocations | 2 4 5 7 |  7.0
Throwing       | 3 5 6 |  6.0
Stealth        | 4 6 9 12 | 12.4

Action                     |  1- 3 |  4- 6 |  7- 9 | 10-12 | 13-15 | 16-18 | 19-21 | 22-24 | 25-27 || total
---------------------------+-------+-------+-------+-------+-------+-------+-------+-------+-------++-------
  Melee: Spear             |   139 |   201 |   546 |       |       |       |       |       |       ||   886
         Punch             |     3 |     1 |       |       |       |       |       |       |       ||     4
         Whip              |     9 |       |       |       |       |       |       |       |       ||     9
         Quarterstaff      |       |    23 |       |       |       |       |       |       |       ||    23
         Trident           |       |       |     4 |    21 |       |       |       |       |       ||    25
         Sling             |       |       |       |     2 |       |       |       |       |       ||     2
   Fire: Sling             |       |       |       |   532 |       |       |       |       |       ||   532
         Orcbow            |       |       |       |   169 |   393 |    86 |   517 |    22 |       ||  1187
         Longbow           |       |       |       |       |   675 |  1073 |   691 |  1457 |   342 ||  4238
  Throw: Stone             |       |       |    17 |     4 |       |       |       |       |       ||    21
         Dart              |       |       |       |     1 |     2 |     1 |     1 |     2 |       ||     7
         Throwing net      |       |       |       |       |       |     1 |     1 |       |       ||     2
   Cast: Blink             |       |       |       |       |       |     1 |     2 |     2 |     5 ||    10
         Apportation       |       |       |       |       |       |       |       |     3 |       ||     3
 Invoke: Renounce Religion |     1 |       |       |       |       |       |       |       |       ||     1
         Recall Ancestor   |       |       |     8 |     2 |     7 |     3 |     2 |     2 |     3 ||    27
         Ancestor Identity |       |       |     2 |       |       |       |       |       |       ||     2
         Ancestor Life: Ba |       |       |     1 |       |       |       |       |       |       ||     1
         Idealise          |       |       |       |     1 |    18 |    28 |    15 |    14 |     5 ||    81
  Evoke: Wand              |       |       |     9 |    19 |     9 |    34 |     7 |     7 |     2 ||    87
         Lightning rod     |       |       |       |    16 |    11 |    17 |    22 |    10 |     4 ||    80
         Tin of tremorston |       |       |       |       |     2 |     8 |     9 |     6 |     1 ||    26
         Phantom mirror    |       |       |       |       |     2 |     5 |     5 |     7 |     1 ||    20
         Phial of floods   |       |       |       |       |       |       |     3 |       |       ||     3
         Sack of spiders   |       |       |       |       |       |       |       |       |     1 ||     1
    Use: Scroll            |     5 |     1 |     9 |     7 |    13 |     5 |    13 |    15 |     6 ||    74
   Stab: Petrified         |     9 |       |     2 |       |       |       |       |       |       ||    11
         Sleeping          |     1 |       |       |       |       |       |       |       |       ||     1
         Paralysed         |       |     1 |     5 |       |       |       |       |       |       ||     6
         Confused          |       |       |     4 |       |       |       |       |       |       ||     4
         Distracted        |       |       |     5 |     1 |       |       |       |       |       ||     6
 Armour: Leather armour    |    39 |    45 |       |       |       |       |       |       |       ||    84
         Chain mail        |       |   110 |   198 |       |       |       |       |       |       ||   308
         Steam dragon scal |       |       |    34 |   115 |       |       |       |       |       ||   149
         Troll leather arm |       |       |       |    79 |   303 |   216 |   258 |    29 |       ||   885
         Acid dragon scale |       |       |       |       |       |       |       |   206 |    46 ||   252
  Dodge: Dodged            |    48 |    94 |   145 |   139 |   236 |   200 |   252 |   401 |    60 ||  1575
  Block: Buckler           |       |    39 |    74 |    44 |       |       |       |       |       ||   157

Table legend: (Time is in decaauts)
 A = Elapsed time spent in this place.
 B = Non-inter-level travel time spent in this place.
 C = Inter-level travel time spent in this place.
 D = Time resting spent in this place.
 E = Time spent auto-exploring this place.
 F = Levels seen in this place.
 G = Mean time per level.
                   A        B        C        D        E       F      G
               +--------+--------+--------+--------+--------+-----+--------+
         Total |  66680 |  60419 |   6261 |  10737 |  33827 |  54 | 1234.8 |
       Dungeon |  21213 |  18592 |   2621 |   2612 |  11555 |  15 | 1414.2 |
        Temple |     35 |     26 |      9 |      0 |      0 |   1 |   35.0 |
          Lair |   5934 |   5359 |    575 |    280 |   3523 |   5 | 1186.8 |
         Swamp |   4325 |   4058 |    267 |   1228 |   1806 |   4 | 1081.2 |
   Spider Nest |   6434 |   6156 |    278 |   1969 |   2819 |   4 | 1608.5 |
  Orcish Mines |   2092 |   1830 |    262 |    493 |    804 |   2 | 1046.0 |
   Elven Halls |   4489 |   4258 |    231 |    706 |   2367 |   3 | 1496.3 |
        Vaults |   8371 |   7334 |   1037 |   1219 |   4268 |   5 | 1674.2 |
         Crypt |   3075 |   2840 |    235 |    118 |   1725 |   3 | 1025.0 |
        Depths |   4900 |   4498 |    402 |    419 |   3261 |   4 | 1225.0 |
           Zot |   3980 |   3640 |    340 |    961 |   1408 |   5 |  796.0 |
       Ossuary |    421 |    421 |      0 |    124 |     52 |   1 |  421.0 |
        Bailey |    542 |    542 |      0 |    182 |    117 |   1 |  542.0 |
      Ice Cave |    863 |    863 |      0 |    422 |    120 |   1 |  863.0 |
               +--------+--------+--------+--------+--------+-----+--------+

Top non-repeatable levels by time:
   Zot:5: 2218 daAuts
     D:7: 2198 daAuts
    D:10: 2133 daAuts
     D:9: 2133 daAuts
Vaults:5: 2022 daAuts
     D:3: 1863 daAuts
Spider:1: 1856 daAuts
   Elf:3: 1796 daAuts
Vaults:4: 1763 daAuts
Spider:4: 1737 daAuts
Vaults:1: 1718 daAuts
     D:6: 1595 daAuts
 Swamp:4: 1557 daAuts
Spider:2: 1550 daAuts
Depths:4: 1544 daAuts
